Map: Catalyst LE

Players

lllllllllll (sOs) - Winner!

  • Race: Protoss Protoss
  • League: Grandmaster
  • Spawn Location: 5:00

Dark

  • Race: Zerg Zerg
  • League: Master
  • Spawn Location: 11:00

VOD

Have the link to the VOD?

Description

Time

  • Played on: Dec. 22, 2017, 4:15 a.m.
  • Length: 8:55
Show
View Real Time Build Order
Export as new Build Order

lllllllllll Protoss - Winner!

Build Orders: 1 Gate Expand, Oracle Opening, Phoenix Opening 

Get SALT Encoding   

  12  0:00  Probe  
  13  0:12  Probe  
  14  0:20  Pylon  
  14  0:24  Probe  
  15  0:38  Probe (Chrono Boost)  
  16  0:44  Gateway  
  16  0:47  Probe (Chrono Boost)  
  16  0:48  Assimilator  
  17  0:52  Probe (Chrono Boost)  
  18  1:04  Probe  
  19  1:16  Probe  
  20  1:22  Pylon  
  20  1:28  Probe  
  21  1:37  Nexus  
  21  1:42  Cybernetics Core  
  21  1:45  Probe  
  22  1:50  Assimilator  
  22  1:57  Pylon  
  22  2:00  Probe  
  23  2:15  Probe  
  24  2:19  Stargate  
  24  2:21  Adept (Chrono Boost)  
  25  2:27  Probe  
  26  2:31  Warp Gate  
  26  2:39  Probe  
  26  2:42  Adept (Chrono Boost)  
  28  2:51  Probe  
  28  2:57  Probe  
  29  3:00  Oracle (Chrono Boost)  
  29  3:05  Probe  
  33  3:09  Probe  
  33  3:10  Adept  
  36  3:19  Probe  
  37  3:21  Probe  
  37  3:27  Gateway  
  36  3:32  Phoenix (Chrono Boost)  
  38  3:34  Probe  
  38  3:37  Probe  
  40  3:44  Gateway  
  40  3:55  Oracle (Chrono Boost)  
  43  4:06  Probe x2  
  43  4:08  Pylon  
  45  4:13  Twilight Council  
  45  4:18  Probe  
  45  4:20  Pylon  
  46  4:26  Probe  
  47  4:34  Probe (Chrono Boost)  
  47  4:37  Pylon  
  47  4:38  Probe (Chrono Boost)  
  49  4:39  Adept x3  
  49  4:41  Resonating Glaives (Chrono Boost)  
  56  4:48  Probe (Chrono Boost)  
  56  4:49  Probe (Chrono Boost)  
  57  5:04  Adept x3  
  63  5:11  Nexus  
  63  5:17  Pylon  
  63  5:18  Probe  
  65  5:24  Adept  
  65  5:25  Adept  
  65  5:27  Adept  
  70  5:29  Forge  
  70  5:35  Probe x2  
  72  5:38  Pylon  
  72  5:46  Pylon  
  72  5:47  Adept x2  
  72  5:48  Adept  
  78  5:54  Assimilator  
  78  5:56  Assimilator  
  78  6:03  Probe x2  
  80  6:05  Protoss Ground Weapons Level 1  
  80  6:06  Robotics Facility  
  80  6:21  Probe x2  
  68  6:31  Sentry, Zealot x2  
  66  6:33  Probe x2  
  66  6:34  Gateway  
  66  6:35  Gateway  
  68  6:42  Gateway  
  68  6:43  Gateway  
  68  6:45  Probe  
  68  6:46  Probe  
  70  6:50  Probe  
  70  6:52  Photon Cannon  
  71  6:56  Warp Prism  
  71  6:58  Probe x2  
  71  6:59  Sentry  
  71  7:00  Sentry  
  79  7:05  Photon Cannon  
  79  7:08  Stalker  
  81  7:10  Probe  
  82  7:16  Shield Battery  
  82  7:23  Pylon  
  82  7:28  Sentry  
  82  7:29  Adept x2  
  88  7:35  Adept x2  
  90  7:37  Pylon  
  88  7:44  Sentry  
  88  7:50  Adept  
  88  7:51  Adept x2  
  92  7:55  Adept x2  
  90  8:00  Probe x2  
  76  8:17  Adept  
  76  8:18  Adept x6  
  90  8:29  Probe x2  
  90  8:30  Probe  
  90  8:33  Pylon  
  91  8:41  Adept x7  
Show
View Real Time Build Order
Export as new Build Order

Dark Zerg 

Build Orders: Pool First 

Get SALT Encoding   

  12  0:00  Drone  
  13  0:12  Overlord  
  13  0:16  Drone  
  14  0:30  Drone x2  
  16  0:38  Drone  
  17  0:46  Drone  
  17  0:47  Extractor  
  17  0:52  Spawning Pool  
  17  0:55  Drone  
  17  1:06  Drone  
  18  1:21  Drone  
  19  1:29  Drone  
  20  1:33  Hatchery  
  19  1:40  Zergling x2  
  19  1:41  Queen  
  22  1:49  Metabolic Boost  
  22  1:55  Overlord  
  22  2:14  Drone  
  22  2:15  Drone  
  24  2:16  Queen  
  26  2:26  Drone  
  27  2:38  Hatchery  
  27  2:39  Drone  
  27  2:45  Drone x2  
  28  2:51  Overlord  
  28  2:52  Zergling x2  
  28  2:55  Zergling x2  
  30  3:01  Zergling x2  
  30  3:03  Drone  
  32  3:09  Zergling x2  
  32  3:10  Drone  
  34  3:14  Spore Crawler  
  32  3:20  Drone  
  32  3:21  Drone  
  35  3:29  Overlord  
  35  3:30  Drone x5  
  40  3:41  Queen  
  40  3:44  Spore Crawler  
  40  3:46  Spore Crawler  
  40  3:51  Drone x2  
  41  3:59  Drone x3  
  41  4:06  Drone x2  
  41  4:09  Drone  
  41  4:13  Drone x2  
  43  4:18  Drone x2  
  43  4:19  Drone  
  46  4:26  Evolution Chamber, Drone  
  46  4:27  Drone  
  46  4:31  Spore Crawler  
  46  4:32  Drone  
  47  4:39  Queen  
  47  4:43  Baneling Nest  
  47  4:45  Zergling x4  
  50  4:47  Overlord  
  50  4:53  Overlord  
  45  5:05  Pneumatized Carapace  
  45  5:08  Drone x2  
  45  5:12  Drone  
  45  5:13  Drone x5  
  52  5:15  Drone  
  52  5:20  Zerg Melee Weapons Level 1  
  52  5:21  Zergling x6  
  55  5:25  Overlord  
  55  5:26  Baneling  
  55  5:27  Baneling x3  
  56  5:31  Baneling x2  
  56  5:34  Overlord  
  56  5:35  Zergling x2  
  57  5:44  Zergling x8  
  57  5:45  Zergling x6  
  64  5:56  Zergling x16  
  72  6:02  Baneling x2, Zergling x2  
  73  6:04  Overlord  
  73  6:10  Zergling x2  
  62  6:28  Zergling x8  
  62  6:29  Queen x2, Zergling x8  
  62  6:30  Zergling x4  
  71  6:43  Zergling x6  
  71  6:53  Zergling x8  
  71  6:54  Zergling x2  
  76  6:55  Overlord  
  76  7:02  Zergling x4  
  76  7:05  Zergling x2  
  79  7:09  Queen  
  79  7:14  Baneling x7  
  80  7:15  Overlord  
  80  7:16  Zergling x4  
  80  7:22  Zergling x4  
  80  7:23  Zergling x4  
  80  7:26  Zergling x2  
  80  7:29  Baneling  
  81  7:32  Zergling x2  
  78  7:37  Zergling x2  
  78  7:38  Zergling x8  
  73  7:53  Zergling x10  
  72  8:03  Zergling x6  
  62  8:06  Drone x2  
  62  8:07  Drone  
  61  8:16  Extractor, Drone x3  
  61  8:19  Queen  
  66  8:27  Drone x3  
  65  8:36  Hatchery  
Tags
 
Add a new tag
Caveats
  • Supply blocks, unpowered buildings, or Contaminate may cause inaccurate times.
  • Supply counts are checked every 10 seconds.